 Dungeon Sprint DCSS version 0.21.0 (webtiles) character file.

9454 wojtek the Bludgeoner (level 11, -11/166 HPs)
             Began as a Minotaur Berserker on Jan 6, 2018.
             Was a Priest of Trog.
             Mangled by a bone dragon (22 damage)
             ... in the Dungeon (Sprint II: "The Violet Keep of Menkaure").
             The game lasted 00:08:40 (2376 turns).

wojtek the Bludgeoner (Minotaur Berserker)          Turns: 2376, Time: 00:08:40

Health: -11/166    AC: 18    Str: 30    XL:     11   Next: 23%
Magic:  10/10      EV: 16    Int:  4    God:    Trog [***...]
Gold:   1626       SH:  5    Dex: 10    Spells: 10/10 levels left

rFire    . . .     SeeInvis .   a - +0 mace
rCold    + . .     Gourm    .   p - +0 buckler
rNeg     . . .     Faith    .   w - +2 scale mail {rC+}
rPois    .         Spirit   .   (helmet restricted)
rElec    .         Reflect  .   u - +0 cloak
rCorr    .         Harm     .   (no gloves)
MR       .....     NoTele   +   z - +1 pair of boots
Stlth    ..........             (no amulet)
HPRegen  0.37/turn              j - +2 ring of protection
MPRegen  0.12/turn              (no ring)

@: berserking, very slightly contaminated, very quick
A: retaliatory headbutt, horns 2
a: Berserk, Trog's Hand, Burn Spellbooks, Renounce Religion


You were in the Dungeon.
You worshipped Trog.
Trog was most pleased with you.
You were hungry.

You visited 1 branch You collected 1626 gold pieces.

Inventory:

Hand Weapons
 a - a +0 mace (weapon)
Armour
 b - a +0 animal skin
 p - a +0 buckler (worn)
 u - a +0 cloak (worn)
 w - a +2 scale mail of cold resistance (worn)
 z - a +1 pair of boots (worn)
 B - a +0 troll leather armour
Jewellery
 j - a +2 ring of protection (left hand)
Scrolls
 l - 3 scrolls of identify {unknown}
 m - 2 scrolls of fog {unknown}
 n - a scroll of enchant weapon {unknown}
 q - a scroll of fear {unknown}
 r - 2 scrolls of immolation {unknown}
 s - a scroll of amnesia {unknown}
 x - a scroll of enchant armour {unknown}
 y - 2 scrolls of remove curse {unknown}
Potions
 e - 2 potions of heal wounds
 f - 2 potions of haste
 g - 5 potions of magic
 h - 4 potions of berserk rage
 k - a potion of lignification {unknown}
 o - 6 potions of flight {unknown}
 t - 2 potions of mutation {unknown}
 v - 3 potions of resistance {unknown}
Comestibles
 c - 2 rations


   Skills:
 + Level 14.5 Fighting
 * Level 19.3 Maces & Flails
 + Level 14.3 Armour
 + Level 13.3 Dodging
 + Level 6.8 Shields


You had 10 spell levels left.
You didn't know any spells.

Dungeon Overview and Level Annotations

Branches:
Dungeon (1/1)

Altars:
Cheibriados
Dithmenos
Elyvilon
Fedhas
Gozag
Hepliaklqana
Kikubaaqudgha
Makhleb
Nemelex Xobeh
Okawaru
Qazlal
Ru
Sif Muna
Trog
Uskayaw
Vehumet
Wu Jian
Xom
Yredelemnul
Zin
The Shining One
Beogh
Jiyva
Lugonu

Shops:
D :!(%}==!!*??!:[[

Annotations:
D exclusions: obsidian statue and oklob plant


Innate Abilities, Weirdness & Mutations

You reflexively headbutt those who attack you in melee.
You have a pair of horns on your head.


Message History

Okay, then.
The cacodemon gestures at you. The bolt of energy hits you!
* * * LOW HITPOINT WARNING * * *
A red film seems to cover your vision as you go berserk!
You feel yourself moving faster!
You feel mighty!
You are feeling hungry.
A frost giant opens the door.
The bone dragon bites you but does no damage.
The bone dragon claws you.
* * * LOW HITPOINT WARNING * * *
The bone dragon tramples you but does no damage.
You thump the cacodemon!
The cacodemon is lightly wounded.
You thump the cacodemon!
The cacodemon is moderately wounded.
The cacodemon misses you. You furiously retaliate!
You headbutt the cacodemon.
The cacodemon hits you but does no damage.
The bone dragon bites you!!
You die...

##..∩.∩...#≈≈####.#.####..## #.
##.⌠.∩....#≈#..###)###.##..# +.
##..∩.∩...#≈#.2.##.##.###..# #.
##...∩.∩..'≈'##.'.<.'##.'..####.
##....∩.∩.#≈#.#....##...#....###
#▓▓▓▓▓▓▓###≈#.e#..C###.##....§.≈
##(lh######≈≈.#.#...####≈§...§.≈
#$.h#D ##≈≈≈2D....#≈≈§§§≈≈..≈
#∩P(+. +#≈@#.#..#≈≈≈≈≈§≈≈.≈
#$).#?# #≈≈##'#.≈≈≈≈≈§≈≈≈≈≈ #:.$
## ##≈≈≈≈≈≈≈≈≈≈≈≈≈§≈≈≈ ##+#
#+++#+++#≈≈§≈≈≈≈≈≈ ≈§§§
##≈≈§###§§ §§§§§§ §§ ≈≈ §§8≈§§≈≈
§ §§§≈§§≈# ≈≈≈§§§§##


You could see a bone dragon, a frost giant, a cacodemon and a deep elf high
priest.

Vanquished Creatures
  A kraken (D)
  A yaktaur captain (D)
  A death yak (D)
  A skeletal warrior (D)
  2 deep trolls (D)
  An elephant (D)
  A hornet (D)
  2 polar bears (D)
  2 tyrant leeches (D)
  2 hippogriffs (D)
  A redback (D)
  Menkaure (D)
  3 soldier ants (D)
  5 necrophages (D)
  4 crocodiles (D)
  An iron imp (D)
  3 worms (D)
  2 tentacles (D)
34 creatures vanquished.

Vanquished Creatures (collateral kills)
  Kirke (D)
  A great orb of eyes (D)
  A centaur warrior (D)
  An unseen horror (D)
  A kobold demonologist (D)
  A yaktaur (D)
  A polar bear (D)
  A redback (D)
  2 tentacles (D)
10 creatures vanquished.

Vanquished Creatures (others)
  10 tentacles (D)
10 creatures vanquished.

Grand Total: 54 creatures vanquished

Notes
Turn   | Place    | Note
-------+----------+-------------------------------------------
     0 | D        | wojtek the Minotaur Berserker began the quest for the Orb.
     0 | D        | Reached XP level 1. HP: 19/19 MP: 0/0
     1 | D        | Noticed a necrophage
     1 | D        | Noticed a necrophage
     1 | D        | Noticed a necrophage
     1 | D        | Noticed a necrophage
     4 | D        | Killed a necrophage
     4 | D        | Reached skill level 5 in Fighting
     4 | D        | Reached skill level 7 in Maces & Flails
     4 | D        | Reached skill level 5 in Armour
     4 | D        | Reached XP level 2. HP: 30/30 MP: 1/1
     4 | D        | Reached XP level 3. HP: 37/37 MP: 2/2
     4 | D        | Reached XP level 4. HP: 44/44 MP: 3/3
    10 | D        | Killed a necrophage
    10 | D        | Reached skill level 9 in Maces & Flails
    10 | D        | Reached skill level 5 in Dodging
    10 | D        | Reached XP level 5. HP: 50/50 MP: 4/4
    13 | D        | Killed a necrophage
    13 | D        | Reached ** piety under Trog
    13 | D        | Reached skill level 10 in Maces & Flails
    16 | D        | Killed a necrophage
    16 | D        | Reached XP level 6. HP: 60/60 MP: 5/5
    62 | D        | Reached *** piety under Trog
    87 | D        | Noticed a tyrant leech
    87 | D        | Noticed a tyrant leech
    90 | D        | Noticed a hippogriff
    90 | D        | Noticed a hippogriff
    95 | D        | Killed a hippogriff
    95 | D        | Reached skill level 11 in Maces & Flails
    95 | D        | Reached XP level 7. HP: 68/68 MP: 6/6
    97 | D        | Killed a hippogriff
    97 | D        | Reached skill level 12 in Maces & Flails
   143 | D        | Found Ystuolev's Antique Armour Emporium.
   144 | D        | Found Xuitircha's General Store.
   144 | D        | Found Pyiluurr's Distillery.
   144 | D        | Found Ziqo's Gadget Shoppe.
   144 | D        | Found Yttitama's Distillery.
   144 | D        | Found Osunein's Magic Scroll Shoppe.
   144 | D        | Found Athroar's Food Emporium.
   144 | D        | Found Xoqianem's Book Shoppe.
   144 | D        | Found Mecuohui's Jewellery Emporium.
   144 | D        | Found Kies's Antique Armour Shoppe.
   144 | D        | Found Upitzax's Magic Scroll Emporium.
   145 | D        | Found Initezao's Antique Weapon Shoppe.
   145 | D        | Found Xepuhoxa's Distillery.
   145 | D        | Found Gubronang's Jewellery Emporium.
   145 | D        | Found Dasalo's Distillery.
   145 | D        | Noticed Menkaure
   145 | D        | Noticed a hell hog
   146 | D        | Noticed a wyvern
   161 | D        | Killed Menkaure
   161 | D        | Reached **** piety under Trog
   164 | D        | Reached skill level 13 in Maces & Flails
   367 | D        | Killed a tyrant leech
   367 | D        | Reached skill level 10 in Fighting
   367 | D        | Reached XP level 8. HP: 78/78 MP: 7/7
   373 | D        | Killed a tyrant leech
   373 | D        | Reached skill level 10 in Armour
   417 | D        | Found a snail-covered altar of Cheibriados.
   418 | D        | Found a shadowy altar of Dithmenos.
   419 | D        | Found a white marble altar of Elyvilon.
   419 | D        | Found an ancient bone altar of Kikubaaqudgha.
   419 | D        | Found a roughly hewn altar of Beogh.
   419 | D        | Found a viscous altar of Jiyva.
   420 | D        | Found a blossoming altar of Fedhas.
   420 | D        | Found a corrupted altar of Lugonu.
   420 | D        | Found a deep blue altar of Sif Muna.
   421 | D        | Found an opulent altar of Gozag.
   421 | D        | Found a burning altar of Makhleb.
   421 | D        | Found a bloodstained altar of Trog.
   422 | D        | Found a sparkling altar of Nemelex Xobeh.
   422 | D        | Found a hide-covered altar of Uskayaw.
   423 | D        | Found an iron altar of Okawaru.
   423 | D        | Found a radiant altar of Vehumet.
   423 | D        | Found a glowing silver altar of Zin.
   488 | D        | Noticed a yaktaur
   488 | D        | Noticed a hornet
   488 | D        | Noticed a polar bear
   489 | D        | Noticed a polar bear
   492 | D        | Killed a polar bear
   492 | D        | Reached skill level 14 in Maces & Flails
   496 | D        | Killed a polar bear
   498 | D        | Noticed a polar bear
   499 | D        | Killed a hornet
   499 | D        | Reached ***** piety under Trog
   499 | D        | Reached skill level 10 in Dodging
   506 | D        | Killed a yaktaur
   506 | D        | Reached skill level 15 in Maces & Flails
   506 | D        | Reached XP level 9. HP: 30/88 MP: 8/8
   508 | D        | Killed a polar bear
   832 | D        | Found a basalt altar of Yredelemnul.
   838 | D        | Noticed a kraken
   853 | D        | Received a gift from Trog
  1042 | D        | Found a shimmering altar of Xom.
  1042 | D        | Found a sacrificial altar of Ru.
  1277 | D        | Killed a kraken
  1277 | D        | Reached skill level 16 in Maces & Flails
  1351 | D        | Found a glowing golden altar of the Shining One.
  1351 | D        | Found an ornate altar of the Wu Jian Council.
  1562 | D        | Found a stormy altar of Qazlal.
  1570 | D        | Noticed a deep troll
  1571 | D        | Noticed a deep troll
  1575 | D        | Killed a deep troll
  1575 | D        | Reached skill level 17 in Maces & Flails
  1575 | D        | Reached XP level 10. HP: 99/99 MP: 9/9
  1578 | D        | Killed a deep troll
  1717 | D        | Found a hazy altar of Hepliaklqana.
  1738 | D        | Noticed a hell hog
  1740 | D        | Noticed an oklob plant
  1741 | D        | Found Opallo's Book Shoppe.
  1747 | D        | Noticed a fire dragon
  1775 | D        | Noticed a centaur warrior
  1775 | D        | Noticed Kirke
  1776 | D        | Noticed a skeletal warrior
  1777 | D        | Noticed an ice statue
  1785 | D        | Noticed an elephant
  1788 | D        | Killed a centaur warrior
  1788 | D        | Reached skill level 1 in Shields
  1797 | D        | Killed Kirke
  1797 | D        | Reached skill level 18 in Maces & Flails
  1803 | D        | Killed a skeletal warrior
  1806 | D        | Killed an elephant
  1821 | D        | Noticed a death yak
  1826 | D        | Noticed a yaktaur captain
  1840 | D        | Killed a yaktaur captain
  1844 | D        | Killed a death yak
  1844 | D        | Reached skill level 5 in Shields
  2161 | D        | Reached XP level 11. HP: 109/109 MP: 10/10
  2175 | D        | Received a gift from Trog
  2228 | D        | Noticed a great orb of eyes
  2255 | D        | Killed an unseen horror
  2255 | D        | Reached skill level 19 in Maces & Flails
  2258 | D        | Killed a great orb of eyes
  2340 | D        | Noticed a golden dragon
  2340 | D        | Noticed a storm dragon
  2341 | D        | Noticed a deep elf high priest
  2341 | D        | Noticed a bone dragon
  2341 | D        | Noticed a cacodemon
  2342 | D        | Noticed a frost giant
  2367 | D        | Noticed an obsidian statue
  2376 | D        | Mangled by a bone dragon

Skill      XL: |  1  2  3  4  5  6  7  8  9 10 11 |
---------------+----------------------------------+-----
Fighting       | 5 6 8 10 11 12 14 | 14.5
Maces & Flails | 7 9 10 11 13 15 17 18 19 | 19.3
Armour         | 5 6 7 8 9 11 12 13 14 | 14.3
Dodging        | 4 5 6 7 9 10 11 12 13 | 13.3
Shields        | 5 6 |  6.8

Action                   |  1- 3 |  4- 6 |  7- 9 | 10-12 || total
-------------------------+-------+-------+-------+-------++-------
Melee: Mace              |     2 |    23 |    63 |    75 ||   163
       Headbutt          |       |     9 |    24 |    20 ||    53
Invok: Berserk           |     1 |     1 |     5 |     3 ||    10
       Brothers in Arms  |       |       |     3 |     5 ||     8
  Use: Scroll            |       |       |       |     1 ||     1
       Potion            |       |       |       |     1 ||     1
 Stab: Distracted        |       |       |       |     1 ||     1
  Eat: Chunk             |       |       |     5 |     1 ||     6
       Ration            |       |       |     1 |     2 ||     3
Armor: Animal skin       |       |       |     7 |       ||     7
       Scale mail        |       |       |     8 |    50 ||    58
Dodge: Dodged            |       |     6 |    46 |    35 ||    87
Block: Buckler           |       |       |       |     8 ||     8
